 Dungeon Crawl Stone Soup version 0.20-a0-9-g62d82d9 (console) character file.

59 lynn the Shield-Bearer (level 4, 0/37 HPs)
             Began as a Formicid Fighter on Nov 1, 2016.
             Slain by a gnoll
             ... wielding a +0 spear
              (1 damage)
             ... on level 2 of the Dungeon.
             The game lasted 00:00:22 (795 turns).

lynn the Shield-Bearer (Formicid Fighter)            Turns: 795, Time: 00:00:23

Health: 0/37       AC:  6    Str: 25    XL:     4   Next: 22%
Magic:  4/4        EV:  8    Int:  8    God:
Gold:   13         SH: 10    Dex: 11    Spells: 0 memorised, 3 levels left

rFire  . . .     SeeInvis +     a - +0 war axe
rCold  . . .     Gourm    .     b - +0 scale mail
rNeg   . . .     Faith    .     c - +0 shield
rPois  .         Spirit   .     (helmet unavailable)
rElec  .         Reflect  .     (no cloak)
rCorr  .         Harm     .     (no gloves)
MR     .....                    (no boots)
Stlth  ..........               (no amulet)
                                (no ring)
                                (no ring)

@: mighty, lethally poisoned (0 -> -3)
A: permanent stasis, dig shafts and tunnels, four strong arms, antennae 3
a: Dig, Shaft Self


You were on level 2 of the Dungeon.
You were not hungry.

You visited 1 branch of the dungeon, and saw 2 of its levels.

You collected 13 gold pieces.

Inventory:

Hand Weapons
 a - a +0 war axe (weapon)
Armour
 b - a +0 scale mail (worn)
 c - a +0 shield (worn)
 g - a cursed -2 pair of gloves
 l - a +0 cloak
Scrolls
 e - a scroll of teleportation {unknown}
 i - 3 scrolls of identify {unknown}
 k - 3 scrolls of remove curse {unknown}
 n - a scroll of amnesia {unknown}
Comestibles
 f - 3 bread rations
 h - 6 chunks of flesh
 m - a beef jerky


   Skills:
 + Level 3.8 Fighting
 + Level 2.8 Axes
 - Level 3.2 Armour
 + Level 4.6 Shields


You had 3 spell levels left.
You didn't know any spells.

Dungeon Overview and Level Annotations

Branches:
Dungeon (2/15)

Altars:


Innate Abilities, Weirdness & Mutations

You are under a permanent stasis effect.
You can dig through walls and to a lower floor.
Your four strong arms can wield two-handed weapons with a shield.
You have a pair of large antennae on your head. (SInv)


Message History

The adder poisons you!
You slash the adder!
The adder is severely wounded.
You feel sick. You block the adder's attack.
The gnoll hits you but does no damage. The adder bites you but does no damage.
The gnoll hits you from afar with a spear.
* * * LOW HITPOINT WARNING * * *
Unknown command.
It was a potion of haste.
Your stasis keeps you stable.
* * * LOW HITPOINT WARNING * * *
You feel sick. The adder bites you but does no damage.
The gnoll hits you from afar with a spear.
* * * LOW HITPOINT WARNING * * *
You block the adder's attack.
You closely miss the adder.
The adder is severely wounded.
The adder bites you.
* * * LOW HITPOINT WARNING * * *
The gnoll hits you from afar with a spear.
You die...

...... #....#### ......
#........
......##########.....###
................>...#
......#....#........#
.####.......#........#
............###........
........##### #.########
.......@# #.. ......S)#
#### ......g.# ........#
........# ........#
........# ........#


You could see a gnoll and an adder.

Vanquished Creatures
  2 gnolls (D:2)
  2 adders (D:2)
  A leopard gecko (D:1)
  A ball python (D:1)
  2 giant cockroaches
  2 goblins (D:1)
  2 hobgoblins (D:1)
  4 kobolds
  2 bats (D:1)
  6 rats
24 creatures vanquished.

Notes
Turn   | Place    | Note
-------+----------+-------------------------------------------
     0 | D:1      | lynn the Formicid Fighter began the quest for the Orb.
     0 | D:1      | Reached XP level 1. HP: 18/18 MP: 1/1
   299 | D:1      | Reached XP level 2. HP: 24/24 MP: 2/2
   326 | D:1      | Reached skill level 4 in Shields
   642 | D:2      | Reached XP level 3. HP: 23/29 MP: 3/3
   785 | D:2      | Reached XP level 4. HP: 26/37 MP: 4/4
   795 | D:2      | HP: 1/37 [adder (1)]
   795 | D:2      | Slain by a gnoll

Vault maps used:
D:1:      minmay_arrival_doors
D:2:      grunt_temple_overflow_open, minmay_misc_feat_ornament

Skill      XL: |  1  2 |
---------------+-------+-----
Shields        | 4 |  4.6
Fighting       | |  3.8
Axes           | |  2.8
Armour         | |  3.2

Action                   |  1- 3 |  4- 6 || total
-------------------------+-------+-------++-------
Melee: War axe           |    57 |     8 ||    65
  Use: Potion            |       |     2 ||     2
Armor: Scale mail        |    28 |     9 ||    37
Dodge: Dodged            |    20 |     5 ||    25
Block: Shield            |    29 |    12 ||    41

Vault maps used:
D:1:      minmay_arrival_doors
D:2:      grunt_temple_overflow_open, minmay_misc_feat_ornament
